 Dungeon Crawl Stone Soup version 0.20.1-1-g8b1a95d (webtiles) character file.

172 Folque the Magician (level 5, -2/34 HPs)
             Began as an Octopode Wizard on Nov 19, 2017.
             Slain by an orc
             ... wielding a +0 hand axe
              (5 damage)
             ... on level 3 of the Dungeon.
             The game lasted 00:08:26 (2176 turns).

Folque the Magician (Octopode Wizard)               Turns: 2176, Time: 00:08:27

Health: -2/34      AC:  2    Str:  6    XL:     5   Next: 53%
Magic:  0/11       EV: 13    Int: 21    God:
Gold:   118        SH:  0    Dex: 11    Spells: 4/12 levels left

rFire    . . .     SeeInvis .   u - +0 short sword (freeze)
rCold    . . .     Gourm    .   (no shield)
rNeg     . . .     Faith    .   a - +1 hat
rPois    .         Spirit   .   (no amulet)
rElec    .         Reflect  .   (no ring)
rCorr    .         Harm     .   (no ring)
MR       .....                  (no ring)
Stlth    +++.......             (no ring)
Regen    0.2/turn               (no ring)
MPRegen  0.2/turn               (no ring)
                                (no ring)
                                (no ring)

@: no status effects
A: almost no armour, stealthy swim, amphibious, 8 rings, constrict 8, camouflage
1, gelatinous body 1
a: no special abilities


You were on level 3 of the Dungeon.
You were hungry.

You visited 1 branch of the dungeon, and saw 3 of its levels.

You collected 118 gold pieces.

Inventory:

Hand Weapons
 e - a +0 dagger
 j - a cursed -1 dagger
 m - a +0 hand axe
 u - a +0 short sword of freezing (weapon)
Missiles
 l - 3 javelins (quivered)
Armour
 a - a +1 hat (worn)
Scrolls
 d - 2 scrolls of identify
 g - a scroll of enchant armour
 i - a scroll of amnesia
 p - a scroll of remove curse {unknown}
Potions
 f - a potion of lignification {unknown}
 k - a potion of magic {unknown}
 q - a potion of agility {unknown}
 r - 2 potions of curing {unknown}
Books
 b - a book of Minor Magic

   Spells                             Type                      Level
   a - Magic Dart                     Conjuration                  1
   b - Blink                          Translocation                2
   c - Call Imp                       Summoning                    2
   d - Slow                           Hexes                        2
   e - Conjure Flame                  Conjuration/Fire             3
   f - Mephitic Cloud                 Conjuration/Poison/Air       3
 s - a book of Cantrips

   Spells                             Type                      Level
   a - Confusing Touch                Hexes                        1
   b - Animate Skeleton               Necromancy                   1
   c - Summon Small Mammal            Summoning                    1
   d - Apportation                    Translocation                1
Comestibles
 c - 2 bread rations
 h - a royal jelly
 n - 3 chunks of flesh
 o - 2 meat rations


   Skills:
 - Level 2.0 Fighting
 - Level 2.0 Dodging
 - Level 2.6 Stealth
 + Level 4.0 Spellcasting
 * Level 2.2 Conjurations
 - Level 1.0 Summonings
 - Level 1.0 Translocations
 - Level 3.1 Poison Magic


You had 4 spell levels left.
You knew the following spells:

 Your Spells              Type           Power        Failure   Level  Hunger
a - Magic Dart            Conj           ##..         4%          1    None
b - Call Imp              Summ           #.......     12%         2    #......
c - Blink                 Tloc           N/A          12%         2    #......
d - Mephitic Cloud        Conj/Pois/Air  ##......     17%         3    ###....


Dungeon Overview and Level Annotations

Branches:
Dungeon (3/15)

Altars:
Qazlal
Ru


Innate Abilities, Weirdness & Mutations

You cannot wear most types of armour.
You are very stealthy in the water. (Stealth+)
You are amphibious.
You can wear up to eight rings at the same time.
You can use your tentacles to constrict eight enemies at once.
Your skin changes colour to match your surroundings (Stealth+).
Your rubbery body absorbs attacks. (AC +1, EV +1)


Message History

The orc wizard misses you. The orc closely misses you.
You completely miss the orc. You squeeze the orc.
You kill the orc!
You constrict the orc wizard. The orc wizard closely misses you.
The orc misses you.
The orc hits something.
You feel a bit more experienced.
You closely miss the orc. You grab the orc.
You constrict the orc, but do no damage.
You constrict the orc wizard.
The orc wizard escapes!
The orc hits you with a hand axe.
* * * LOW HITPOINT WARNING * * *
You hit the orc but do no damage.
You constrict the orc, but do no damage.
The orc hits you with a hand axe.
* * * LOW HITPOINT WARNING * * *
Casting: Mephitic Cloud
Confirm with . or Enter, or press ? or * to list all spells.
You blink.
You constrict the orc, but do no damage.
The orc hits you with a hand axe.
You die...

...........
.....†....
#...o.....#
#####.#...
#.........#
#.####
#.........#
#.####
#.........#
..... .
#.......>.#
####
..###.........#
.....
.......(o.o...#
#####
.......§)@....#
...
.....)).......#
#
##....).......#
.##
#....##......#
.... #....
#......# ..##
#.$..........#
+.
#####...######
## #...# #...#


You could see an orc wizard (confused) and 2 orcs.

Vanquished Creatures
  Natasha (thrice) (D:2)
  2 adders (D:3)
  An ooze (D:1)
  2 worms (D:2)
  2 dart slugs
  A leopard gecko (D:3)
  7 orcs (D:3)
  2 giant cockroaches
  4 goblins
  7 hobgoblins
  2 jackals (D:2)
  3 kobolds
  2 quokkas
  5 bats
  4 frilled lizards
  3 rats
50 creatures vanquished.

Vanquished Creatures (collateral kills)
  An adder (D:2)
  2 worms
  A frilled lizard (D:2)
4 creatures vanquished.

Grand Total: 54 creatures vanquished

Notes
Turn   | Place    | Note
-------+----------+-------------------------------------------
     0 | D:1      | Folque the Octopode Wizard began the quest for the Orb.
     0 | D:1      | Reached XP level 1. HP: 11/11 MP: 4/4
    74 | D:1      | Reached skill level 1 in Fighting
   342 | D:1      | Reached XP level 2. HP: 11/18 MP: 6/6
   741 | D:1      | Reached XP level 3. HP: 17/24 MP: 7/7
   745 | D:1      | Learned a level 2 spell: Call Imp
   748 | D:1      | Learned a level 2 spell: Blink
   752 | D:1      | Learned a level 3 spell: Mephitic Cloud
  1243 | D:2      | Noticed Natasha
  1281 | D:2      | Killed Natasha
  1281 | D:2      | Reached skill level 1 in Poison Magic
  1281 | D:2      | Reached XP level 4. HP: 21/29 MP: 5/9
  1309 | D:2      | Noticed Natasha
  1335 | D:2      | Killed Natasha
  1449 | D:2      | Noticed Natasha
  1470 | D:2      | Killed Natasha
  1470 | D:2      | Reached XP level 5. HP: 25/34 MP: 1/10
  1569 | D:2      | Found a stormy altar of Qazlal.
  1754 | D:2      | Found a sacrificial altar of Ru.
  2153 | D:3      | Reached skill level 4 in Spellcasting
  2176 | D:3      | Slain by an orc

Skill      XL: |  1  2  3  4  5 |
---------------+----------------+-----
Fighting       | 1 2 |  2.0
Poison Magic   | 1 2 3 |  3.1
Conjurations   | 2 |  2.2
Spellcasting   | 4 |  4.0
Dodging        | |  2.0
Stealth        | |  2.6
Summonings     | |  1.0
Translocations | |  1.0

Action                   |  1- 3 |  4- 6 || total
-------------------------+-------+-------++-------
Melee: Dagger            |    36 |       ||    36
       Constrict         |    13 |    28 ||    41
       Hand axe          |    24 |    33 ||    57
       Tentacles         |     7 |     4 ||    11
       Short sword       |       |    33 ||    33
Throw: Javelin           |       |     1 ||     1
       Throwing net      |       |     1 ||     1
 Cast: Mephitic Cloud    |     1 |     4 ||     5
       Call Imp          |     1 |     7 ||     8
       Magic Dart        |       |    10 ||    10
       Blink             |       |     2 ||     2
  Use: Scroll            |       |     6 ||     6
 Stab: Sleeping          |     7 |     4 ||    11
       Confused          |       |     2 ||     2
  Eat: Chunk             |     1 |     3 ||     4
Armor: Skin              |     4 |     4 ||     8
Dodge: Dodged            |    25 |    41 ||    66
